 Dungeon Crawl Stone Soup version 0.19-a0-1790-g026f1ef (webtiles) character file.

220 Proteus the Covert (level 5, -1/25 HPs)
             Began as a Spriggan Assassin on Oct 4, 2016.
             Slain by an orc
             ... wielding a +0 flail
              (6 damage)
             ... on level 3 of the Dungeon.
             The game lasted 00:07:07 (3149 turns).

Proteus the Covert (Spriggan Assassin)              Turns: 3149, Time: 00:07:07

Health: -1/25      AC:  3    Str:  7    XL:     5   Next: 64%
Magic:  6/6        EV: 17    Int: 13    God:
Gold:   59         SH:  0    Dex: 18    Spells: 0 memorised, 4 levels left

rFire  . . .     SeeInvis +     n - +2 dagger (venom)
rCold  . . .     Gourm    .     c - +0 robe
rNeg   . . .     Faith    .     (shield restricted)
rPois  .         Spirit   .     (helmet restricted)
rElec  .         Dismiss  .     d - +0 cloak
rCorr  .         Reflect  .     (gloves unavailable)
MR     .....     Harm     .     (boots unavailable)
Stlth  +++++.....               (no amulet)
                                (no ring)
                                (no ring)

@: very quick
A: unfitting armour, see invisible, herbivore 3, speed 3, slow metabolism 2
a: no special abilities


You were on level 3 of the Dungeon.
You were not hungry.

You visited 1 branch of the dungeon, and saw 4 of its levels.

You collected 59 gold pieces.

Inventory:

Hand Weapons
 a - a +2 dagger
 b - a +2 blowgun
 n - a +2 dagger of venom (weapon)
Missiles
 e - 28 poisoned needles
 f - 2 curare-tipped needles
Armour
 c - a +0 robe (worn)
 d - a +0 cloak (worn)
Wands
 k - a wand of acid (6/15)
Scrolls
 i - a scroll of immolation {unknown}
 p - a scroll of blinking
Potions
 h - a potion of cure mutation
 j - a potion of haste
 l - 2 potions of curing
 o - a potion of flight {unknown}
Comestibles
 g - 4 bread rations


   Skills:
 - Level 1.5 Fighting
 - Level 2.1 Short Blades
 - Level 2.0 Throwing
 - Level 1.5 Dodging
 + Level 10.5 Stealth


You had 4 spell levels left.
You didn't know any spells.

Dungeon Overview and Level Annotations

Branches:
Dungeon (4/15)
 Temple: D:4-7

Altars:
Trog


Innate Abilities, Weirdness & Mutations

You are very small and have problems with some larger weapons.
You are too small for most types of armour.
You have supernaturally acute eyesight. (SInv)
You are a herbivore.
You cover ground extremely quickly.
You need consume almost no food.


Message History

The orc closely misses you.
The orc priest calls down the wrath of Beogh upon you.
Beogh smites you!
You hit the orc.
You kill the orc!
The orc priest invokes the aid of Beogh against you.
Pain shoots through your body!
Things that are here:
a hand axe; a leather armour You hit the orc priest but do no damage.
The orc priest is poisoned.
The orc priest closely misses you.
You hit the orc priest but do no damage.
The orc priest looks even sicker.
The orc closely misses you. The orc priest closely misses you.
You barely miss the orc priest.
The orc priest invokes the aid of Beogh against you.
Pain shoots through your body!
* * * LOW HITPOINT WARNING * * *
The orc hits you with a flail.
You die...

#...##.........#.o(#####...##
###...#..#.####..##.## ##.##
...........###....#o# #.#
##.....#.##.......#.# #.#
##....#..........#.# #.#
##.......#......##.## ##.##
#....##.........#...#####...##
##.......#......o..#.......#..#
...#...####....o@#...#####...##
.....>#####......##.##.# ##.##
................).)....# #..#
.......................###.##
.......)..............###..#
...#.......#...#.....####.##
................##.....[..#
...#.......#.....(.......##
..#..##.........###......#


You could see an orc priest and an orc.

Vanquished Creatures
  An orc priest (D:3)
  Ijyb (D:2)
  Terence (D:2)
  A worker ant (D:3)
  2 adders
  An ooze (D:1)
  4 worms
  A dart slug (D:2)
  3 leopard geckos
  6 orcs (D:3)
  6 bats
  6 giant cockroaches
  8 goblins
  6 hobgoblins
  3 quokkas
  4 frilled lizards
  9 kobolds
  11 rats
74 creatures vanquished.

Notes
Turn   | Place    | Note
-------+----------+-------------------------------------------
     0 | D:1      | Proteus the Spriggan Assassin began the quest for the Orb.
     0 | D:1      | Reached XP level 1. HP: 10/10 MP: 2/2
     9 | D:1      | Reached skill level 6 in Stealth
   101 | D:1      | Reached XP level 2. HP: 13/14 MP: 3/3
   285 | D:1      | Reached skill level 7 in Stealth
  1002 | D:2      | Noticed Terence
  1006 | D:2      | Killed Terence
  1006 | D:2      | Reached skill level 8 in Stealth
  1006 | D:2      | Reached XP level 3. HP: 18/18 MP: 4/4
  1025 | D:2      | Noticed Ijyb
  1032 | D:2      | Killed Ijyb
  1032 | D:2      | Reached XP level 4. HP: 22/22 MP: 5/5
  1294 | D:2      | Reached skill level 9 in Stealth
  1396 | D:2      | Noticed a moth of wrath
  1399 | D:2      | Found a bloodstained altar of Trog.
  2246 | D:3      | Reached XP level 5. HP: 21/25 MP: 6/6
  2522 | D:3      | Reached skill level 10 in Stealth
  3149 | D:3      | Slain by an orc

Vault maps used:
D:1:      dpeg_arrival_court
D:2:      tgw_trog, uniq_iyjb, uniq_terence
D:3:      first_bread, minmay_misc_feat_tower
D:4:      cheibriados_altar_1, uniq_edmund, uniq_duvessa

Skill      XL: |  1  2  3  4  5 |
---------------+----------------+-----
Stealth        | 6 8 9 10 | 10.5
Fighting       | |  1.5
Short Blades   | |  2.1
Throwing       | |  2.0
Dodging        | |  1.5

Action                   |  1- 3 |  4- 6 || total
-------------------------+-------+-------++-------
Melee: Dagger            |    56 |   127 ||   183
 Fire: Blowgun           |       |    23 ||    23
  Use: Scroll            |       |     7 ||     7
 Stab: Sleeping          |    11 |    16 ||    27
Armor: Robe              |     7 |     9 ||    16
Dodge: Dodged            |    25 |    81 ||   106
